 Dungeon Crawl Stone Soup version 0.24.0-7-gb3623d2c88 (console) character file.

Game seed: 10250147579391168945, levelgen mode: deterministic

10094 Kagalorn the Thaumaturge (level 11, -11/121 HPs)
             Began as a Gnoll Air Elementalist on Nov 2, 2019.
             Was a Follower of Ashenzari.
             Mangled by a cyclops (17 damage)
             ... on level 10 of the Dungeon.
             The game lasted 00:55:54 (13822 turns).

Kagalorn the Thaumaturge (Gnoll Air Elementalist)  Turns: 13822, Time: 00:55:55

Health: -11/121    AC: 25    Str: 11    XL:     11   Next: 56%
Magic:  17/23      EV:  2    Int: 21    God:    Ashenzari [*.....]
Gold:   591        SH:  0    Dex: 15    Spells: 20/26 levels left

rFire    . . .     SeeInvis .   O - +1 lajatang
rCold    . . .     Gourm    .   (shield currently unavailable)
rNeg     + + +     Faith    .   (armour currently unavailable)
rPois    +         Spirit   .   (helmet currently unavailable)
rElec    .         Reflect  .   (cloak currently unavailable)
rCorr    .         Harm     .   (gloves currently unavailable)
MR       .....     NoTele   +   (boots currently unavailable)
Stlth    ++++......             (no amulet)
HPRegen  0.30/turn              (no ring)
MPRegen  0.18/turn              (no ring)

@: tree-form
A: distributed training, strong nose
a: Curse Item, Scrying, Renounce Religion


You were on level 10 of the Dungeon.
You worshipped Ashenzari.
Ashenzari was aware of your devotion.
You were not hungry.
You were a tree.
You visited 2 branches of the dungeon, and saw 11 of its levels.
You also visited: Sewer.

You collected 591 gold pieces.

Inventory:

Hand Weapons
 g - a +0 short sword
 v - a +0 hunting sling
 E - a +3 flail of protection
 G - a +0 quarterstaff
 H - a +0 arbalest
 J - a +2 falchion of slicing
 O - a +1 lajatang (weapon)
Missiles
 d - 90 bolts
 e - 434 stones
 q - 194 arrows
 u - 94 sling bullets
 z - 2 javelins
 C - 36 poisoned darts (quivered)
 T - 13 throwing nets
Armour
 a - a +0 robe
 o - a scarf of resistance (melded)
 s - a cursed +0 helmet (melded)
 x - the +2 helmet of Morality {Str+5}
   (You took it off Robin on level 3 of the Dungeon)

   It affects your strength (+5).
 K - the cursed +0 robe "Feunt" (melded) {rC+ MR+}
   (You found it on level 4 of the Dungeon)

   It protects you from cold.
   It affects your resistance to hostile enchantments.
   It has a curse placed upon it.
 N - a cursed +1 pair of gloves
 V - a +0 cloak
Magical Staves
 k - an uncursed staff of power
Jewellery
 w - an uncursed ring of ice
 L - an uncursed ring of resist corrosion
 P - an uncursed ring of flight
 Q - an uncursed amulet of guardian spirit
 U - an uncursed ring of see invisible
Wands
 y - a wand of polymorph (17)
 I - a wand of acid (3)
 W - a wand of flame (29)
Scrolls
 b - 9 scrolls of teleportation
 j - 3 scrolls of amnesia
 n - 5 scrolls of enchant weapon
 p - a scroll of fog
 A - a scroll of blinking
 D - 2 scrolls of remove curse
 M - 2 scrolls of enchant armour
 R - 5 scrolls of identify
 S - a scroll of magic mapping
Potions
 f - 2 potions of haste
 h - 2 potions of cancellation
 i - 3 potions of heal wounds
 l - 4 potions of might
 m - 2 potions of agility
 r - a potion of lignification
 t - 8 potions of curing
 B - a potion of berserk rage
 F - 7 potions of brilliance
 X - a potion of magic {unknown}
Comestibles
 c - 16 rations


   Skills:
 + Level 6.3 Fighting
 + Level 6.3 Short Blades
 + Level 6.3 Long Blades
 + Level 6.3 Axes
 + Level 6.3 Maces & Flails
 + Level 6.3 Polearms
 + Level 6.3 Staves
 + Level 6.3 Slings
 + Level 6.3 Bows
 + Level 6.3 Crossbows
 + Level 6.3 Throwing
 + Level 6.3 Armour
 + Level 7.9 Dodging
 + Level 7.6 Stealth
 + Level 6.3 Shields
 + Level 6.3 Unarmed Combat
 + Level 8.1 Spellcasting
 + Level 5.7 Conjurations
 + Level 5.2 Hexes
 + Level 5.2 Charms
 + Level 5.2 Summonings
 + Level 5.2 Necromancy
 + Level 5.2 Translocations
 + Level 5.2 Transmutations
 + Level 5.2 Fire Magic
 + Level 5.2 Ice Magic
 + Level 7.6 Air Magic
 + Level 5.2 Earth Magic
 + Level 5.2 Poison Magic
 + Level 6.9 Invocations
 + Level 6.3 Evocations


You had 20 spell levels left.
You knew the following spells:

 Your Spells              Type           Power        Failure   Level  Hunger
a - Shock                 Conj/Air       ####         1%          1    None
b - Static Discharge      Conj/Air       #####...     1%          3    None
d - Swiftness             Chrm/Air       #####...     1%          2    None

Your spell library contained the following spells:

 Spells                   Type           Power        Failure   Level  Hunger
 Animate Skeleton         Necr           N/A          1%          1    None
 Apportation              Tloc           ####..       1%          1    None
 Confusing Touch          Hex            ####..       1%          1    None
 Summon Small Mammal      Summ           ####         1%          1    None
 Airstrike                Air            #####.....   3%          4    ###....
 Cause Fear               Hex            ####......   9%          4    ###....
 Lightning Bolt           Conj/Air       #####.....   14%         5    #####..
 Silence                  Hex/Air        #####.....   16%         5    #####..
 Yara's Violent Unravell  Hex/Tmut       ####......   26%         5    #####..
 Deflect Missiles         Chrm/Air       #####.....   63%         6    ######.
 Discord                  Hex            ####......   100%        8    #######


Dungeon Overview and Level Annotations

Branches:
Dungeon (10/15)            Temple (1/1) D:6           Sewer (visited)
   Lair: D:8-11         Orc: D:9-12

Altars:
Ashenzari
Cheibriados
Dithmenos
Elyvilon
Fedhas
Gozag
Hepliaklqana
Kikubaaqudgha
Makhleb
Nemelex Xobeh
Okawaru
Qazlal
Ru
Sif Muna
Trog
Uskayaw
Vehumet
Wu Jian
Xom
Yredelemnul
Zin
The Shining One
Jiyva

Shops:
D:9 %

Annotations:
D:8 3 runed translucent doors, raetorn's ghost, novice GnSk


Innate Abilities, Weirdness & Mutations

Your experience applies equally to all skills.
((You have very sharp teeth.))
Your uncanny sense of smell can sniff out nearby items.


Message History

Press: ? - help, Shift-Dir - straight line, f/p - cyclops
Aim: a cyclops (moderately wounded)
The zap hits the cyclops but does no damage.
The cyclops is moderately wounded.
The cyclops hits you!
* * * LOW HITPOINT WARNING * * *
Casting: Shock (safe; 1% risk of failure)
Confirm with . or Enter, or press ? or * to list all spells.
Aiming: Shock (safe; 1% risk of failure)
Press: ? - help, Shift-Dir - straight line, f/p - cyclops
Aim: a cyclops (moderately wounded)
The zap hits the cyclops!
The cyclops is heavily wounded.
Casting: Shock (safe; 1% risk of failure)
Confirm with . or Enter, or press ? or * to list all spells.
Aiming: Shock (safe; 1% risk of failure)
Press: ? - help, Shift-Dir - straight line, f/p - cyclops
Aim: a cyclops (heavily wounded)
The zap misses the cyclops.
The cyclops hits you!
You die...

#>..## ##..##..........
#..)# #.......###....
#...# #........# .
#..)### ##.....#..#
##.)..#####......####
#......#..))....#..#
#####....).###.....#
##))....#..C(.###...
#..)....#..#.♣#)......#
∆
#........#######.......#
#...###..# ∆ #..###..#
#... .... .... ... #.#
#$.#.. ..#..#∆ .. #.
####... ..#### . #
......C #..


You could see a cyclops.

Vanquished Creatures
  Harold (D:8)
  2 two-headed ogres
  Joseph (D:7)
  2 centaur skeletons (D:10)
  A hornet (D:8)
  2 hippogriffs
  A spriggan (D:8)
  Sigmund (D:3)
  A vampire (D:8)
  2 wraiths
  A hungry ghost (D:7)
  Edmund (D:6)
  A water moccasin (D:9)
  3 orc warriors
  A sky beast (D:8)
  2 ice beasts
  3 ogres
  A black bear (D:6)
  3 phantoms
  3 centaurs
  4 big kobolds
  2 bullfrogs
  5 gnoll sergeants (D:8)
  6 scorpions
  5 killer bees (D:9)
  7 wights
  4 howler monkeys
  An electric eel (D:8)
  A centaur zombie (D:8)
  4 bullfrog zombies
  6 crimson imps
  5 jellies
  8 hounds
  7 orc priests
  An iguana (D:10)
  12 orc wizards
  3 gnoll shamans (D:8)
  Terence (D:2)
  9 worker ants
  A hound zombie (D:8)
  A hound skeleton (D:4)
  A worker ant zombie (D:5)
  Robin (D:3)
  37 gnolls
  15 adders
  6 river rats (Sewer)
  4 shadow imps
  An ooze (D:2)
  An adder skeleton (D:6)
  4 worms
  6 dart slugs
  4 leopard geckos
  42 orcs
  4 bats
  8 giant cockroaches
  12 hobgoblins
  11 jackals
  4 quokkas
  6 ball pythons
  10 frilled lizards
  2 giant cockroach zombies
  11 goblins
  19 kobolds
  25 rats
360 creatures vanquished.

Notes
Turn   | Place    | Note
-------+----------+-------------------------------------------
     0 | D:1      | Kagalorn the Gnoll Air Elementalist began the quest for the
                  | Orb.
     0 | D:1      | Reached XP level 1. HP: 13/13 MP: 6/6
   110 | D:1      | Reached XP level 2. HP: 19/19 MP: 4/7
   594 | D:2      | Reached XP level 3. HP: 25/25 MP: 1/9
   696 | D:2      | Reached skill level 5 in Spellcasting
   733 | D:2      | Found a glowing silver altar of Zin.
   741 | D:2      | Noticed Terence
   772 | D:2      | Killed Terence
   772 | D:2      | Reached skill level 1 in Fighting
   772 | D:2      | Reached skill level 1 in Short Blades
   772 | D:2      | Reached skill level 1 in Long Blades
   772 | D:2      | Reached skill level 1 in Axes
   772 | D:2      | Reached skill level 1 in Maces & Flails
   772 | D:2      | Reached skill level 1 in Polearms
   772 | D:2      | Reached skill level 1 in Staves
   772 | D:2      | Reached skill level 1 in Slings
   772 | D:2      | Reached skill level 1 in Bows
   772 | D:2      | Reached skill level 1 in Crossbows
   772 | D:2      | Reached skill level 1 in Throwing
   772 | D:2      | Reached skill level 1 in Armour
   772 | D:2      | Reached skill level 1 in Shields
   772 | D:2      | Reached skill level 1 in Unarmed Combat
   772 | D:2      | Reached skill level 1 in Invocations
   772 | D:2      | Reached skill level 1 in Evocations
   841 | D:2      | Reached XP level 4. HP: 32/32 MP: 9/11
   841 | D:2      | Noticed a sky beast
  1047 | D:2      | Found a shattered altar of Ashenzari.
  1050 | D:2      | Became a worshipper of Ashenzari the Shackled
  1328 | D:2      | Found a radiant altar of Vehumet.
  1330 | D:2      | Found a white marble altar of Elyvilon.
  1429 | D:3      | Identified the +2 helmet of Morality {Str+5}
  1429 | D:3      | Noticed Robin
  1449 | D:3      | Killed Robin
  1449 | D:3      | Reached skill level 1 in Hexes
  1449 | D:3      | Reached skill level 1 in Charms
  1449 | D:3      | Reached skill level 1 in Summonings
  1449 | D:3      | Reached skill level 1 in Necromancy
  1449 | D:3      | Reached skill level 1 in Translocations
  1449 | D:3      | Reached skill level 1 in Transmutations
  1449 | D:3      | Reached skill level 1 in Fire Magic
  1449 | D:3      | Reached skill level 1 in Ice Magic
  1449 | D:3      | Reached skill level 1 in Earth Magic
  1449 | D:3      | Reached skill level 1 in Poison Magic
  1809 | D:3      | Reached XP level 5. HP: 37/37 MP: 10/12
  1839 | D:3      | Found a sacrificial altar of Ru.
  1894 | D:3      | Found an opulent altar of Gozag.
  1982 | D:3      | Noticed Sigmund
  2320 | D:3      | Learned a level 3 spell: Static Discharge
  2323 | D:3      | Learned a level 2 spell: Swiftness
  2370 | D:3      | Killed Sigmund
  2370 | D:3      | Reached XP level 6. HP: 34/44 MP: 9/14
  2501 | D:3      | Found a shimmering blue altar of Sif Muna.
  2772 | D:4      | Reached skill level 5 in Dodging
  2993 | D:4      | Found a snail-covered altar of Cheibriados.
  3249 | D:4      | Reached XP level 7. HP: 43/50 MP: 9/15
  3362 | D:4      | Found a stormy altar of Qazlal.
  3444 | D:4      | Got the cursed robe "Feunt" {rC+ MR+}
  3455 | D:4      | Identified the cursed +0 robe "Feunt" {rC+ MR+} (You found
                  | it on level 4 of the Dungeon)
  3927 | D:5      | Entered Level 5 of the Dungeon
  3941 | D:5      | Reached skill level 5 in Stealth
  4060 | D:5      | Reached XP level 8. HP: 57/57 MP: 3/16
  4505 | D:5      | Reached skill level 6 in Spellcasting
  5192 | D:6      | Noticed Edmund
  5257 | D:6      | Found a glowing drain.
  5406 | Sewer    | Entered a sewer
  5446 | Sewer    | Reached XP level 9. HP: 63/65 MP: 4/18
  6443 | D:6      | Found a staircase to the Ecumenical Temple.
  6644 | D:6      | Killed Edmund
  6808 | D:6      | Identified the cursed +0 scale mail "Noecab" {Dex+6}
  6901 | D:6      | Found an ancient bone altar of Kikubaaqudgha.
  6974 | Temple   | Entered the Ecumenical Temple
  7351 | D:7      | Reached * piety under Ashenzari
  7373 | D:7      | Reached skill level 5 in Invocations
  7420 | D:7      | Found a shattered altar of Ashenzari.
  7528 | D:7      | Noticed Joseph
  7542 | D:7      | Killed Joseph
  7542 | D:7      | Reached skill level 7 in Spellcasting
  7542 | D:7      | Reached XP level 10. HP: 63/73 MP: 11/20
  7591 | D:7      | Found an iron altar of Okawaru.
  7632 | D:7      | Noticed a two-headed ogre
  8085 | D:7      | Killed a two-headed ogre
  8085 | D:7      | Reached skill level 5 in Fighting
  8085 | D:7      | Reached skill level 5 in Short Blades
  8085 | D:7      | Reached skill level 5 in Long Blades
  8085 | D:7      | Reached skill level 5 in Axes
  8085 | D:7      | Reached skill level 5 in Maces & Flails
  8085 | D:7      | Reached skill level 5 in Polearms
  8085 | D:7      | Reached skill level 5 in Staves
  8085 | D:7      | Reached skill level 5 in Slings
  8085 | D:7      | Reached skill level 5 in Bows
  8085 | D:7      | Reached skill level 5 in Crossbows
  8085 | D:7      | Reached skill level 5 in Throwing
  8085 | D:7      | Reached skill level 5 in Armour
  8085 | D:7      | Reached skill level 5 in Shields
  8085 | D:7      | Reached skill level 5 in Unarmed Combat
  8085 | D:7      | Reached skill level 5 in Evocations
  8706 | D:8      | Found a runed translucent gate.
  8707 | D:8      | Found a runed translucent gate.
  8707 | D:8      | Noticed raetorn's ghost (novice GnSk)
  8708 | D:8      | Found a runed translucent gate.
  8717 | D:8      | Noticed a two-headed ogre
  9562 | D:8      | Killed a two-headed ogre
  9562 | D:8      | Reached skill level 5 in Conjurations
 10233 | D:8      | Noticed Harold
 10256 | D:8      | Killed Harold
 10256 | D:8      | Reached XP level 11. HP: 31/81 MP: 12/22
 12039 | D:9      | Reached skill level 5 in Hexes
 12039 | D:9      | Reached skill level 5 in Charms
 12039 | D:9      | Reached skill level 5 in Summonings
 12039 | D:9      | Reached skill level 5 in Necromancy
 12039 | D:9      | Reached skill level 5 in Translocations
 12039 | D:9      | Reached skill level 5 in Transmutations
 12039 | D:9      | Reached skill level 5 in Fire Magic
 12039 | D:9      | Reached skill level 5 in Ice Magic
 12039 | D:9      | Reached skill level 5 in Earth Magic
 12039 | D:9      | Reached skill level 5 in Poison Magic
 12398 | D:9      | Reached skill level 8 in Spellcasting
 12577 | D:9      | Found Loulaoc's Food Emporium.
 12835 | D:10     | Entered Level 10 of the Dungeon
 13397 | D:10     | Noticed a cyclops
 13820 | D:10     | HP: 5/121 [cyclops (17)]
 13822 | D:10     | Mangled by a cyclops

Levels and vault maps discovered:
D:1:      wheals_arrival_shading, layout_basic
D:2:      minmay_skewed_foursquare, layout_basic,
          nicolae_overflow_hidden_temple, zin_scriptorium,
          ashenzari_conservatory_becter, hangedman_decor_diamond_cutter,
          grunt_decor_cap, uniq_terence
D:3:      layout_rooms, grunt_gozag_statues, old_standard_altar, led_sif_pool,
          grunt_ministairs_11, minmay_misc_feat_tower, minivault_23,
          glass_columns_a, chequers_jeans, uniq_robin, uniq_sigmund
D:4:      layout_loops_corners, lemuel_crystal_altar, kennysheep_slug_shrine,
          first_ration, corexii_hall_statues_x, guppyfry_early_lair_pool
D:5:      layout_cave_pools
D:6:      layout_rooms, kiku_gazebo_garden_becter,
          minmay_temple_entry_glassed_door, gup_sewer_entry_glass,
          kennysheep_donut, uniq_edmund
D:7:      layout_loops_ring, kennysheep_okawaru_gauntlet, basic_altar,
          uniq_joseph
D:8:      layout_cave_pools, serial_gnoll_camp, gnoll_camp_medium_02,
          gnoll_camp_medium_01, gnoll_camp_huts_moat, gnoll_camp_mini_sergeant,
          gammafunk_ghost_split, the_bakery, uniq_harold
D:9:      layout_loops_ring, serial_shops,
          nicolae_shop_competitors_out_of_business
D:10:     hangedman_cross_cluster, layout_layer_cave
Temple:   pf_slimified_temple

Skill      XL: |  1  2  3  4  5  6  7  8  9 10 11 |
---------------+----------------------------------+-----
Conjurations   | 2 3 4 5 |  5.7
Spellcasting   | 5 6 7 8 |  8.1
Fighting       | 1 2 3 4 5 6 |  6.3
Short Blades   | 1 2 3 4 5 6 |  6.3
Long Blades    | 1 2 3 4 5 6 |  6.3
Axes           | 1 2 3 4 5 6 |  6.3
Maces & Flails | 1 2 3 4 5 6 |  6.3
Polearms       | 1 2 3 4 5 6 |  6.3
Staves         | 1 2 3 4 5 6 |  6.3
Slings         | 1 2 3 4 5 6 |  6.3
Bows           | 1 2 3 4 5 6 |  6.3
Crossbows      | 1 2 3 4 5 6 |  6.3
Throwing       | 1 2 3 4 5 6 |  6.3
Armour         | 1 2 3 4 5 6 |  6.3
Shields        | 1 2 3 4 5 6 |  6.3
Unarmed Combat | 1 2 3 4 5 6 |  6.3
Invocations    | 1 2 3 4 5 6 |  6.9
Evocations     | 1 2 3 4 5 6 |  6.3
Hexes          | 1 2 3 4 5 |  5.2
Charms         | 1 2 3 4 5 |  5.2
Summonings     | 1 2 3 4 5 |  5.2
Necromancy     | 1 2 3 4 5 |  5.2
Translocations | 1 2 3 4 5 |  5.2
Transmutations | 1 2 3 4 5 |  5.2
Fire Magic     | 1 2 3 4 5 |  5.2
Ice Magic      | 1 2 3 4 5 |  5.2
Earth Magic    | 1 2 3 4 5 |  5.2
Poison Magic   | 1 2 3 4 5 |  5.2
Dodging        | 5 6 7 |  7.9
Stealth        | 5 6 7 |  7.6
Air Magic      | 6 7 |  7.6

Action                   |  1- 3 |  4- 6 |  7- 9 | 10-12 || total
-------------------------+-------+-------+-------+-------++-------
Melee: Unarmed           |     9 |       |       |       ||     9
       Short sword       |     2 |     9 |       |       ||    11
       Flail             |       |     2 |       |       ||     2
       Falchion          |       |       |     7 |       ||     7
       Lajatang          |       |       |    33 |    68 ||   101
       Bite              |       |       |       |     3 ||     3
Throw: Dart              |       |     6 |    26 |    25 ||    57
 Cast: Shock             |    34 |   132 |   395 |   492 ||  1053
       Static Discharge  |       |       |     2 |     9 ||    11
       Swiftness         |       |       |       |     1 ||     1
Evoke: Wand              |       |       |     2 |     4 ||     6
  Use: Scroll            |       |     1 |    18 |     1 ||    20
       Potion            |       |       |       |     2 ||     2
 Stab: Confused          |     2 |       |       |       ||     2
  Eat: Chunk             |       |     7 |    12 |     7 ||    26
       Ration            |       |       |       |     5 ||     5
Armor: Skin              |     2 |       |       |    19 ||    21
       Robe              |     1 |     4 |    26 |    19 ||    50
Dodge: Dodged            |     8 |    26 |   117 |   207 ||   358
       Rpst.: Falchion   |       |       |     1 |       ||     1
